 Dungeon Crawl Stone Soup version 0.26.0-10-g1f06aea511 (webtiles) character file.

Game seed: 13301911897480574556

21 Borgoz the Ducker (level 2, -2/25 HPs)
             Began as a Ghoul Gladiator on Jan 15, 2021.
             Slain by a goblin (3 damage)
             ... on level 2 of the Dungeon.
             The game lasted 00:00:41 (1035 turns).

Borgoz the Ducker (Ghoul Gladiator)                 Turns: 1035, Time: 00:00:42

Health: -2/25      AC:  4    Str: 17    XL:     2   Next: 87%
Magic:  1/1        EV: 12    Int:  3    God:
Gold:   89         SH:  0    Dex: 10    Spells: 1/1 levels left

rFire    . . .     SeeInvis .   a - +0 long sword
rCold    + . .     Faith    .   (no shield)
rNeg     + + +     Spirit   .   b - +0 leather armour
rPois    ∞         Reflect  .   c - +0 helmet
rElec    .         Harm     .   (no cloak)
rCorr    .         Rampage  .   (no gloves)
Will     .....                  (no boots)
Stlth    +.........             (no amulet)
HPRegen  0.00/turn              (no ring)
MPRegen  0.07/turn              (no ring)

@: no status effects
A: claws 1, cold resistance 1, negative energy resistance 3, inhibited
regeneration, torment resistance, unbreathing
a: no special abilities


You were on level 2 of the Dungeon.
You visited 1 branch of the dungeon, and saw 2 of its levels.

You collected 89 gold pieces.

Inventory:

Hand Weapons
 a - a +0 long sword (weapon)
Missiles
 d - 3 throwing nets (quivered)
Armour
 b - a +0 leather armour (worn)
 c - a +0 helmet (worn)
Scrolls
 e - a scroll of remove curse {unknown}
 h - a scroll of amnesia {unknown}
 i - a scroll of identify {unknown}
Potions
 f - a potion of might {unknown}
 g - 2 potions of degeneration {unknown}
 j - a potion of mutation {unknown}
 k - a potion of attraction {unknown}
 l - a potion of cancellation {unknown}


   Skills:
 + Level 2.4 Fighting
 * Level 3.0 Long Blades
 - Level 1.7 Throwing
 * Level 0.9 Armour
 * Level 3.0 Dodging


You had one spell level left.
You didn't know any spells.
Your spell library was empty.

Dungeon Overview and Level Annotations

Branches:
Dungeon (2/15)

Altars:


Innate Abilities, Weirdness & Mutations

You thrive by killing the living.
You are immune to poison.
You have sharp fingernails.
Your flesh is cold resistant. (rC+)
You are immune to negative energy. (rN+++)
You do not regenerate when monsters are visible.
You are immune to unholy pain and torment.
You can survive without breathing.


Message History

You are too injured to fight recklessly!
You are too injured to fight recklessly!
You are too injured to fight recklessly!
You are too injured to fight recklessly!
You are too injured to fight recklessly!
You are too injured to fight recklessly!
You are too injured to fight recklessly!
You are too injured to fight recklessly!
You are too injured to fight recklessly!
You are too injured to fight recklessly!
You closely miss the goblin. The goblin closely misses you.
You riposte.
You closely miss the goblin. The worm bites you!
* * * LOW HITPOINT WARNING * * *
The goblin barely misses you.
You riposte.
You closely miss the goblin.
Things that are here:
a +0 club; a hobgoblin corpse You closely miss the goblin.
The goblin hits you.
* * * LOW HITPOINT WARNING * * *
You barely miss the goblin. The goblin barely misses you. The goblin hits you.
You die...

## #..#### #.# ... #.....#
#.## ....
#.##.#####..########
.....##....#(.............
.....................#####
.....##w..................
.............##...........
.....#w.####.#...#.#...###
######.Kg@.......#.###..#
#...####.#...#........
#.................###.
##..#........†.......
#..##........[.......
#######..##...###...##.####
#............## ##.## .#
###<........## ### #
####......#


You could see a worm, a goblin and a kobold.

Vanquished Creatures
  A white imp (D:2)
  3 hobgoblins
  A kobold (D:1)
  A ball python (D:1)
  5 bats (D:1)
  A frilled lizard (D:1)
  5 rats
17 creatures vanquished.

Notes
Turn   | Place    | Note
-------+----------+-------------------------------------------
     0 | D:1      | Borgoz the Ghoul Gladiator began the quest for the Orb.
     0 | D:1      | Reached XP level 1. HP: 17/17 MP: 0/0
   360 | D:1      | Reached XP level 2. HP: 24/24 MP: 1/1
  1034 | D:2      | HP: 1/25 [goblin (3)]
  1035 | D:2      | Slain by a goblin

Illustrated notes

Levels and vault maps discovered:
D:1:      tarquinn_simple_flora_water_f, layout_basic
D:2:      layout_rooms, marbit_many_paths

Skill      XL: |  1  2 |
---------------+-------+-----
Long Blades    | 3 |  3.0
Dodging        | 3 |  3.0
Fighting       | |  2.4
Throwing       | |  1.7
Armour         | |  0.9

Action                   || total
-------------------------++-------
Melee: Long sword        ||    52
Armor: Leather armour    ||    20
Dodge: Dodged            ||    46
       Rpst.: Long sword ||    14
